 Dungeon Crawl Stone Soup version 0.29.1-12-g30fa7ad0bf (webtiles) character file.

Game seed: 159455836751011214

79 Gabide the Magician (level 4, -1/35 HPs)
             Began as a Mummy Wanderer on Dec 27, 2022.
             Slain by an orc wizard
             ... wielding a +0 dagger
              (3 damage)
             ... on level 3 of the Dungeon.
             The game lasted 00:06:05 (3395 turns).

Gabide the Magician (Mummy Wanderer)                Turns: 3395, Time: 00:06:05

Health: -1/35      AC:  4    Str: 12    XL:     4   Next: 16%
Magic:  4/11       EV: 11    Int: 18    God:
Gold:   105        SH:  0    Dex:  9    Spells: 12/13 levels left

rFire   x . .      SeeInvis .   a - +0 hand axe
rCold   + . .      Faith    .   (no shield)
rNeg    + + +      Spirit   .   f - +0 leather armour
rPois   ∞          Reflect  .   b - +0 helmet
rElec   .          Harm     .   (no cloak)
rCorr   .          Rampage  .   (no gloves)
Will    .....                   (no boots)
Stlth   +.........              k - amulet of the acrobat
HPRegen 0.11/turn               (no ring)
MPRegen 0.12/turn               (no ring)

@: very slightly contaminated
A: cold resistance 1, negative energy resistance 3, torment resistance 2, heat
vulnerability 1, in touch with death 1, no potions
a: no special abilities


You were on level 3 of the Dungeon.
You visited 1 branch of the dungeon, and saw 3 of its levels.

You collected 105 gold pieces.

Inventory:

Hand Weapons
 a - a +0 hand axe (weapon)
Missiles
 j - 4 javelins
Armour
 b - a +0 helmet (worn)
 f - a +0 leather armour (worn)
Jewellery
 k - an amulet of the acrobat (around neck)
Scrolls
 d - a scroll of noise
 e - a scroll of vulnerability
 g - a scroll of amnesia {unknown}
 h - a scroll of brand weapon {unknown}
 i - a scroll of identify {unknown}
 l - a scroll of silence {unknown}


   Skills:
 - Level 3.0 Fighting
 - Level 3.0 Dodging
 - Level 5.3 Spellcasting
 + Level 1.9 Evocations


You had 12 spell levels left.
You knew the following spells:

 Your Spells              Type           Power      Damage    Failure   Level
a - Necrotise             Necr           28%        1d5       17%         1

Your spell library contained the following spells:

 Spells                   Type           Power      Damage    Failure   Level
 Apportation              Tloc           8%         N/A       17%         1
 Blink                    Tloc           8%         N/A       26%         2
 Vampiric Draining        Necr           7%         2d6       45%         3
 Olgreb's Toxic Radiance  Pois           4%         N/A       86%         4
 Ozocubu's Refrigeration  Ice            2%         4d7       100%        7
 Ignition                 Fire           2%         3d3       100%        8


Dungeon Overview and Level Annotations

Branches:
Dungeon (3/15)

Altars:
Uskayaw

Shops:
D:2 =

Annotations:
D:2 1 runed translucent door, Crazy Yiuf


Innate Abilities, Weirdness & Mutations

You are immune to poison.
Your flesh is cold resistant. (rC+)
You are immune to negative energy. (rN+++)
You are immune to unholy pain and torment.
You are vulnerable to heat. (rF-)
You are in touch with the powers of death.
You do not drink.


Message History

You hear some strange, mumbled words.
A magic dart appears from out of thin air!
The magic dart hits you.
Casting: Necrotise (safe; 17% risk of failure)
Confirm with . or Enter, or press ? or * to list all spells.
Aiming: Necrotise (safe; 17% risk of failure)
Press: ? - help, Shift-Dir - straight line You feel a surge of power!
Nothing appears to happen.
Something hits you.
Casting: Necrotise (safe; 17% risk of failure)
Confirm with . or Enter, or press ? or * to list all spells.
Aiming: Necrotise (safe; 17% risk of failure)
Press: ? - help, Shift-Dir - straight line You feel a surge of power!
Something writhes in agony.
Something completely misses you.
Casting: Necrotise (safe; 17% risk of failure)
Confirm with . or Enter, or press ? or * to list all spells.
Aiming: Necrotise (safe; 17% risk of failure)
Press: ? - help, Shift-Dir - straight line You feel a surge of power!
You miscast Necrotise.
You are very lightly contaminated with residual magic.
Nothing appears to happen.
You hear some strange, mumbled words.
A puff of flame appears from out of thin air!
The puff of flame hits you!! The fire burns you terribly!
Ouch! That really hurt!
Casting: Necrotise (safe; 17% risk of failure)
Confirm with . or Enter, or press ? or * to list all spells.
Aiming: Necrotise (safe; 17% risk of failure)
Press: ? - help, Shift-Dir - straight line You feel a surge of power!
Nothing appears to happen.
You hear some strange, mumbled words.
A puff of flame appears from out of thin air!
The puff of flame hits you! The fire burns you terribly!
* * * LOW HITPOINT WARNING * * *
You can't drink.
Unknown command.
As you read the scroll labelled MESTUO LORYIN, it crumbles to dust.
You hear a loud clanging noise!
It was a scroll of noise.
Something hits you.
You die...

#[# ##.## ######..
#.####...#####...##.#
#......#..)......##.#
########...#####...##.#
<.......#.## ##.###.#
##..#######>#.# ##.###.#
#.....)..Z{...######.......
#..#####.#@...............#
#.#..########...##.. #.#..#
######.# .....# #.# #.##!#
#.# #.##.# #.# #.# .# #.#
#.# .# #.# ..#


You could see a friendly orc skeleton.

Vanquished Creatures
  3 adders
  A worm (D:2)
  6 orcs (D:3)
  6 bats
  2 endoplasms
  2 giant cockroaches
  3 goblins (D:1)
  3 quokkas
  7 ball pythons
  A frilled lizard (D:3)
  4 kobolds
  A rat (D:2)
39 creatures vanquished.

Vanquished Creatures (collateral kills)
  A ball python (D:1)
  A frilled lizard (D:1)
2 creatures vanquished.

Grand Total: 41 creatures vanquished

Notes
Turn   | Place    | Note
-------+----------+-------------------------------------------
     0 | D:1      | Gabide the Mummy Wanderer began the quest for the Orb.
     0 | D:1      | Gabide set off with the following items: a +0 club, a +0
                  | helmet, a scroll of blinking, a +0 robe, a scroll of
                  | vulnerability; and the following spells available to
                  | memorise: Apportation, Necrotise, Blink, Vampiric Draining.
     0 | D:1      | Reached XP level 1. HP: 13/13 MP: 6/6
    33 | D:1      | Learned a level 1 spell: Necrotise
   404 | D:1      | Reached XP level 2. HP: 9/19 MP: 0/8
   986 | D:1      | Reached skill level 1 in Fighting
  1309 | D:1      | Found a faded altar of an unknown god.
  1868 | D:2      | Found a hide-covered altar of Uskayaw.
  1869 | D:2      | Found Foamm's Jewellery Shoppe.
  1920 | D:2      | Gained mutation: You are in touch with the powers of death.
                  | [Mummy growth]
  1920 | D:2      | Reached XP level 3. HP: 25/27 MP: 0/9
  2466 | D:2      | Found a runed translucent door.
  2467 | D:2      | Noticed Crazy Yiuf
  3248 | D:3      | Reached XP level 4. HP: 32/35 MP: 4/11
  3395 | D:3      | Slain by an orc wizard

Illustrated notes

Levels and vault maps discovered:
D:1:      wheals_arrival_linesprint, layout_basic,
          shapermc_ecumenical_altar_notcrosses, chequers_serial_rivers_micro_a,
          minmay_pentomino_o2
D:2:      layout_rooms, basic_altar, serial_shops, shop,
          nicolae_elevator_lobby_asterisk, uniq_crazy_yiuf_cottage
D:3:      kennysheep_goblin_castle, layout_loops_ring,
          nicolae_shop_unique_rings, kennysheep_another_room

Skill      XL: |  1  2  3 |
---------------+----------+-----
Dodging        | 3 |  3.0
Fighting       | 1 3 |  3.0
Spellcasting   | |  5.3
Evocations     | |  1.9

Action                   |  1- 3 |  4- 6 || total
-------------------------+-------+-------++-------
Melee: Club              |    15 |       ||    15
       Hand axe          |    13 |     3 ||    16
       Punch             |     1 |       ||     1
Throw: Javelin           |     3 |     4 ||     7
 Cast: Necrotise         |   134 |     9 ||   143
  Use: Scroll            |     1 |     1 ||     2
Armor: Robe              |    34 |       ||    34
       Leather armour    |    23 |     4 ||    27
Dodge: Dodged            |   105 |     2 ||   107
